 Dungeon Crawl Stone Soup version 0.21-a0-84-g85d6d27 (webtiles) character file.

151 xodi the Insei (level 5, -1/33 HPs)
             Began as a Tengu Monk on July 2, 2017.
             Killed by nerve-wracking pain
             ... invoked by Grinder
              (13 damage)
             ... on level 3 of the Dungeon.
             The game lasted 00:07:29 (3180 turns).

xodi the Insei (Tengu Monk)                         Turns: 3180, Time: 00:07:29

Health: -1/33      AC:  2    Str: 13    XL:     5   Next: 33%
Magic:  6/6        EV: 17    Int: 10    God:
Gold:   140        SH:  0    Dex: 16    Spells: 4/4 levels left

rFire    . . .     SeeInvis .     - Unarmed
rCold    . . .     Gourm    .   (no shield)
rNeg     . . .     Faith    .   a - +0 robe
rPois    .         Spirit   .   (helmet restricted)
rElec    .         Reflect  .   (no cloak)
rCorr    .         Harm     .   (no gloves)
MR       .....                  (boots unavailable)
Stlth    +++.......             (no amulet)
HPRegen  0.11/turn              h - ring of stealth
MPRegen  0.10/turn              l - +3 ring of evasion

@: hasted, very quick
A: beak, talons 3, able to fly 1
a: Fly


You were on level 3 of the Dungeon.
You were not hungry.

You visited 1 branch of the dungeon, and saw 3 of its levels.

You collected 140 gold pieces.

Inventory:

Hand Weapons
 o - a +0 short sword of venom
Armour
 a - a +0 robe (worn)
 m - a +0 cloak
 p - a +0 shield
Jewellery
 h - a ring of stealth (left hand)
 l - a +3 ring of evasion (right hand)
Scrolls
 d - 2 scrolls of teleportation {unknown}
 e - 2 scrolls of identify {unknown}
 g - a scroll of enchant weapon {unknown}
 j - a scroll of fear {unknown}
 n - a scroll of noise {unknown}
Potions
 q - a potion of agility {unknown}
 r - a potion of might {unknown}
Comestibles
 b - 3 bread rations
 c - 4 fruits
 f - a meat ration
 i - a royal jelly
 s - a chunk of flesh


   Skills:
 + Level 3.7 Fighting
 + Level 4.2 Dodging
 - Level 2.0 Stealth
 * Level 5.2 Unarmed Combat


You had 4 spell levels left.
You didn't know any spells.

Dungeon Overview and Level Annotations

Branches:
Dungeon (3/15)

Altars:
Elyvilon

Annotations:
D:3 Grinder


Innate Abilities, Weirdness & Mutations

You have a beak for a mouth.
You have claws for feet.
You can fly.


Message History

Grinder is moderately wounded.
Grinder hits you.
You barely miss Grinder.
Grinder is moderately wounded.
Grinder blinks!
You hit Grinder. Your peck misses Grinder.
Grinder is moderately wounded.
Grinder gestures at you. Pain shoots through your body!
You hit Grinder. You peck Grinder, but do no damage.
Grinder is heavily wounded.
Grinder gestures at you. Pain shoots through your body!
You closely miss Grinder. You claw Grinder.
Grinder is heavily wounded.
Grinder hits you.
You writhe in agony.
It was a potion of haste.
You feel yourself speed up. Grinder gestures at you.
Pain shoots through your body!
You die...

.....#.##..†# ##
######......# .#
####...######.#
######.##........#.#
.......#########.#.#####.
........ #.)...#.....(..>
........ ................
####.### .....#.#.#.#.##
####..# ######@#.# #
......# #5#.#
...........# #.#.#
...........# #....
<..........# #....
.######.... #.... .(...#
... #.#. #.##.# #.##
#.#.# #.##.###..#


You could see Grinder.

Vanquished Creatures
  Jessica (D:2)
  Robin (D:2)
  3 adders
  4 worms
  3 dart slugs
  2 leopard geckos (D:1)
  An orc (D:3)
  A ball python (D:2)
  8 bats
  A giant cockroach (D:1)
  17 goblins
  8 hobgoblins
  4 kobolds
  A quokka (D:2)
  5 frilled lizards
  7 rats
67 creatures vanquished.

Notes
Turn   | Place    | Note
-------+----------+-------------------------------------------
     0 | D:1      | xodi the Tengu Monk began the quest for the Orb.
     0 | D:1      | Reached XP level 1. HP: 14/14 MP: 2/2
   231 | D:1      | Reached XP level 2. HP: 17/19 MP: 3/3
  1035 | D:2      | Reached XP level 3. HP: 23/23 MP: 4/4
  1051 | D:2      | Noticed Robin
  1308 | D:2      | Reached skill level 4 in Unarmed Combat
  1365 | D:1      | HP: 1/23 [dart slug/slug dart (5)]
  1817 | D:2      | Killed Robin
  1860 | D:2      | Reached XP level 4. HP: 25/29 MP: 5/5
  1901 | D:2      | Found a white marble altar of Elyvilon.
  1994 | D:2      | Noticed Jessica
  2014 | D:2      | Killed Jessica
  2595 | D:2      | Gained mutation: You can fly. [Tengu growth]
  2595 | D:2      | Reached XP level 5. HP: 32/33 MP: 6/6
  2709 | D:3      | Reached skill level 5 in Unarmed Combat
  3164 | D:3      | Noticed Grinder
  3180 | D:3      | Killed from afar by Grinder

Vault maps used:
D:1:      onia_arrival_mini_spirals
D:2:      elyvilon_altar_1, serial_bayou_lagoon_a, uniq_jessica, uniq_robin
D:3:      gammafunk_temple_overflow_wave, first_bread, uniq_grinder

Skill      XL: |  1  2  3  4  5 |
---------------+----------------+-----
Unarmed Combat | 4 5 |  5.2
Dodging        | 4 |  4.2
Fighting       | |  3.7
Stealth        | |  2.0

Action                   |  1- 3 |  4- 6 || total
-------------------------+-------+-------++-------
Melee: Unarmed           |    80 |    76 ||   156
       Kick              |    27 |    25 ||    52
       Peck              |     7 |    12 ||    19
       Punch             |       |     1 ||     1
  Use: Potion            |       |     4 ||     4
 Stab: Sleeping          |     5 |     8 ||    13
  Eat: Bread ration      |     1 |       ||     1
       Chunk             |       |     3 ||     3
Armor: Robe              |    10 |     7 ||    17
Dodge: Dodged            |    54 |    44 ||    98
